 Dungeon Crawl Stone Soup version 0.30-a0-242-g7bf8e6d787 (webtiles) character file.

Game seed: 12510550582675879018

365 Sobieck the Skirmisher (level 6, -4/34 HPs)
             Began as a Deep Elf Hunter on Oct 11, 2022.
             Slain by a water moccasin (8 damage)
             ... on level 5 of the Dungeon.
             The game lasted 00:05:45 (4112 turns).

Sobieck the Skirmisher (Deep Elf Hunter)            Turns: 4112, Time: 00:05:45

Health: -4/34      AC:  5    Str: 14    XL:     6   Next: 40%
Magic:  8/8        EV: 12    Int: 17    God:
Gold:   165        SH:  0    Dex: 20    Spells: 5/5 levels left

rFire   . . .      SeeInvis .    a - +1 shortbow {bow}
rCold   . . .      Faith    .    (shield currently unavailable)
rNeg    + . .      Spirit   .    c - +0 leather armour
rPois   .          Reflect  .    j - +1 helmet {Int+3}
rElec   .          Harm     .    (no cloak)
rCorr   .          Rampage  .    (no gloves)
Will    .....                    (no boots)
Stlth   ++........               (no amulet)
HPRegen 0.25/turn                o - ring of positive energy
MPRegen 0.11/turn                x - +6 ring of strength

@: brilliant, lethally poisoned (-4 -> -6)
A: no striking features
a: no special abilities


You were on level 5 of the Dungeon.
You visited 2 branches of the dungeon, and saw 7 of its levels.

You collected 165 gold pieces.


   Skills:
 - Level 1.5 Fighting
 + Level 10.2 Ranged Weapons
 - Level 2.4 Dodging
 - Level 1.2 Stealth


You had 5 spell levels left.
You didn't know any spells.
Your spell library contained the following spells:

 Spells                   Type           Power      Damage    Failure   Level
 Freeze                   Ice            0%         1d3       30%         1
 Shock                    Conj/Air       0%         1d3       30%         1
 Ensorcelled Hibernation  Hex/Ice        0%         N/A       41%         2
 Passwall                 Tmut/Erth      0%         N/A       41%         2
 Sublimation of Blood     Necr           0%         N/A       41%         2
 Dazzling Flash           Conj/Hex       0%         N/A       65%         3
 Frozen Ramparts          Ice            0%         1d1       65%         3
 Hailstorm                Conj/Ice       0%         3d3       65%         3
 Ozocubu's Armour         Ice            0%         N/A       65%         3
 Swiftness                Air            0%         N/A       65%         3
 Airstrike                Air            0%         2d(0-16)  96%         4
 Petrify                  Tmut/Erth      0%         N/A       96%         4
 Agony                    Necr           0%         N/A       100%        5
 Irradiate                Conj/Tmut      0%         3d11      100%        5
 Silence                  Hex/Air        0%         N/A       100%        5
 Ozocubu's Refrigeration  Ice            0%         4d7       100%        7

Inventory:

Hand Weapons
 a - a +1 shortbow (weapon) {bow}
Missiles
 m - 47 stones {throwing}
 n - 4 poisoned darts {throwing}
 p - a throwing net {=f!fthrowing}
Armour
 c - a +0 leather armour (worn)
 g - a +0 ring mail
   (You found it on level 1 of the Dungeon)
 h - a +0 leather armour
   (You found it on level 1 of the Dungeon)
 i - a +0 robe
   (You found it on level 1 of the Dungeon)
 j - a +1 helmet of intelligence (worn)
   (You found it on level 2 of the Dungeon)
 r - a +0 chain mail
   (You found it on level 3 of the Dungeon)
 s - a +0 ring mail
   (You found it on level 3 of the Dungeon)
 t - a +0 leather armour
   (You took it off an orc on level 3 of the Dungeon)
 v - a +0 robe
   (You found it on level 6 of the Dungeon)
 w - a +0 robe
   (You took it off an orc wizard on level 5 of the Dungeon)
 y - a +0 leather armour
   (You took it off an orc on level 4 of the Dungeon)
 B - a +0 ring mail
   (You found it on level 3 of the Dungeon)
 C - a +0 chain mail
   (You took it off an orc on level 5 of the Dungeon)
 D - a +0 leather armour
   (You took it off an orc on level 5 of the Dungeon)
 E - a +0 robe
   (You took it off an orc wizard on level 5 of the Dungeon)
 F - a +0 leather armour
   (You took it off an orc on level 5 of the Dungeon)
Jewellery
 o - a ring of positive energy (left hand)
   (You found it on level 2 of the Dungeon)
 x - a +6 ring of strength (right hand)
   (You found it on level 6 of the Dungeon)
Wands
 A - a wand of iceblast (11)
   (You found it on level 4 of the Dungeon)
Scrolls
 b - a scroll of immolation {!r!r}
 f - 2 scrolls of noise {!r}
 k - a scroll of teleportation {@r4}
 G - a scroll of poison {unknown}
Potions
 d - a potion of attraction {!q}
 q - a potion of invisibility
 u - a potion of resistance
 z - a potion of magic
 H - a potion of mutation {unknown}

Dungeon Overview and Level Annotations

Branches:
Dungeon (6/15) Zot: 25061  Temple (1/1) D:4 Zot: 5730

Altars:
Ashenzari
Cheibriados
Dithmenos
Elyvilon
Fedhas
Gozag
Makhleb
Nemelex Xobeh
Ru
Sif Muna
Wu Jian
Xom
Zin
The Shining One

Shops:
D:5

* .## ##.#.# ## ###.# #
#.# #.# # #.# #.# #.#
....# #.#
......#######.#
......S@......#
###########.##.#########
..........# ..
...#...#..###
........._# ...#...#..#
..........# ###########


You could see a water moccasin.


Message History

E - a +0 robe
Things that are here:
a +0 dagger {short}; an orc corpse
Things that are here:
a +0 dagger {short}; an orc corpse An orc comes into view.
It is wielding a +0 short sword.
The orc shouts!
Danger!
You shoot an arrow. The arrow closely misses the orc.
You shoot an arrow. The arrow barely misses the orc.
You shoot an arrow. The arrow hits the orc.
You shoot an arrow. The arrow hits the orc.
You shoot an arrow. The arrow completely misses the orc.
The orc barely misses you.
You shoot an arrow. The arrow hits the orc!
You kill the orc!
No target in view!
F - a +0 leather armour You see here a +0 short sword {short}.
Found a sparkling altar of Nemelex Xobeh.
Unknown command.
You see here a +0 short sword {short}.
You open the door.
There is an open door here.
G - a scroll labelled KEDAGG NOOTE Unknown command.
Okay, then.
Unknown command.
You now have 155 gold pieces (gained 11).
As you open the door, it creaks loudly!
Unknown command.
There is an open door here.
You now have 165 gold pieces (gained 10).
H - a lumpy brown potion Unknown command.
m - 47 stones {throwing} (gained 5)
A water moccasin comes into view.
Danger!
You shoot an arrow. The arrow hits the water moccasin!
You shoot an arrow.
The arrow closely misses the water moccasin.
You shoot an arrow.
The arrow barely misses the water moccasin.
You shoot an arrow.
The arrow closely misses the water moccasin.
You shoot an arrow. The arrow misses the water moccasin.
The water moccasin bites you.
You shoot an arrow.
The arrow barely misses the water moccasin.
The water moccasin completely misses you.
The water moccasin bites you.
You are poisoned.
The water moccasin poisons you!
Fire: a) +1 shortbow {bow}
Press: ? - help, Q - select action, (/) - cycle Shift-Dir - straight line, f/p - water moccasin
Aim: a water moccasin (heavily wounded, 54% to hit)
You shoot an arrow. The arrow misses the water moccasin.
You feel very sick. The water moccasin barely misses you.
Fire: a) +1 shortbow {bow}
Press: ? - help, Q - select action, (/) - cycle Shift-Dir - straight line, f/p - water moccasin
Aim: a water moccasin (heavily wounded, 54% to hit)
You shoot an arrow. The arrow hits the water moccasin.
You feel very sick. The water moccasin bites you!
* * * LOW HITPOINT WARNING * * *
The water moccasin bites you.
* * * LOW HITPOINT WARNING * * *
Fire: a) +1 shortbow {bow}
Press: ? - help, Q - select action, (/) - cycle Shift-Dir - straight line, f/p - water moccasin
Aim: a water moccasin (severely wounded, 54% to hit)
Okay, then.
It was a potion of cancellation.
You feel magically purged.
You feel sick. The water moccasin bites you.
* * * LOW HITPOINT WARNING * * *
It was a potion of brilliance.
You feel clever all of a sudden.
You feel sick.
The water moccasin bites you but does no damage.
Unknown command.
Unknown command.
Fire: a) +1 shortbow {bow}
Press: ? - help, Q - select action, (/) - cycle Shift-Dir - straight line, f/p - water moccasin
Aim: a water moccasin (severely wounded, 54% to hit)
You shoot an arrow. The arrow misses the water moccasin.
You feel sick. The water moccasin barely misses you.
The water moccasin bites you.
* * * LOW HITPOINT WARNING * * *
Fire: a) +1 shortbow {bow}
Press: ? - help, Q - select action, (/) - cycle Shift-Dir - straight line, f/p - water moccasin
Aim: a water moccasin (severely wounded, 54% to hit)
You shoot an arrow. The arrow misses the water moccasin.
You feel sick. The water moccasin barely misses you.
Fire: a) +1 shortbow {bow}
Press: ? - help, Q - select action, (/) - cycle Shift-Dir - straight line, f/p - water moccasin
Aim: a water moccasin (severely wounded, 54% to hit)
You shoot an arrow.
The arrow barely misses the water moccasin.
You feel sick. The water moccasin bites you!
You die...

Skill      XL: |  1  2  3  4  5  6 |
---------------+-------------------+-----
Ranged Weapons | 6 7 8 9 10 | 10.2
Fighting       | |  1.5
Dodging        | |  2.4
Stealth        | |  1.2

Action                   |  1- 3 |  4- 6 || total
-------------------------+-------+-------++-------
 Fire: Shortbow          |    78 |   121 ||   199
  Use: Potion            |       |     4 ||     4
       Scroll            |       |     9 ||     9
Armor: Leather armour    |     8 |    10 ||    18
Dodge: Dodged            |    24 |    25 ||    49

Levels and vault maps discovered:
D:1:      roderic_crop_circles_arrival_small, layout_loops_cross,
          hellmonk_ecumenical_altar_inner_sanctum
D:2:      layout_basic
D:3:      layout_rooms
D:4:      cheibrodos_old_hovel, layout_basic, minmay_temple_entry_proselytizer
D:5:      layout_loops_corners, mainiacjoe_overflow_alcove_2,
          lemuel_coloured_pillars_altar, serial_shops, nicolae_shop_stone
D:6:      layout_layer_cave
Temple:   oiseaux_autumnal_temple

Notes
Turn   | Place    | Note
-------+----------+-------------------------------------------
     0 | D:1      | Sobieck the Deep Elf Hunter began the quest for the Orb.
     0 | D:1      | Reached XP level 1. HP: 12/12 MP: 3/3
   169 | D:1      | Reached XP level 2. HP: 16/16 MP: 4/4
   171 | D:1      | Reached skill level 6 in Ranged Weapons
   391 | D:1      | Found a faded altar of an unknown god.
   763 | D:2      | Reached XP level 3. HP: 20/20 MP: 5/5
   814 | D:2      | You pick up a book of Burglary and begin reading...
   814 | D:2      | You add the spells Passwall, Ensorcelled Hibernation and
                  | Swiftness to your library.
   981 | D:2      | You pick up a book of Frost and begin reading...
   981 | D:2      | You add the spells Freeze, Frozen Ramparts and Hailstorm to
                  | your library.
  1142 | D:2      | You add the spells Ozocubu's Armour and Ozocubu's
                  | Refrigeration to your library.
  1206 | D:2      | Reached skill level 7 in Ranged Weapons
  1214 | D:2      | Reached XP level 4. HP: 25/25 MP: 6/6
  1215 | D:2      | You pick up a book of Alchemy and begin reading...
  1215 | D:2      | You add the spells Sublimation of Blood, Petrify and
                  | Irradiate to your library.
  1683 | D:3      | Noticed a scorpion
  1830 | D:3      | You fall into a shaft and drop 3 floors!
  1865 | D:5      | Entered Level 5 of the Dungeon
  1869 | D:5      | Noticed a scorpion
  1882 | D:5      | Killed a scorpion
  1883 | D:5      | Reached skill level 8 in Ranged Weapons
  2117 | D:4      | Reached XP level 5. HP: 29/29 MP: 7/7
  2331 | D:3      | Reached skill level 9 in Ranged Weapons
  2359 | D:3      | You pick up a book of Air and begin reading...
  2359 | D:3      | You add the spells Shock and Airstrike to your library.
  2370 | D:3      | You pick up a book of the Senses and begin reading...
  2370 | D:3      | You add the spells Dazzling Flash, Agony and Silence to
                  | your library.
  2856 | D:4      | Found a staircase to the Ecumenical Temple.
  2862 | D:4      | Reached XP level 6. HP: 34/34 MP: 8/8
  2872 | Temple   | Entered the Ecumenical Temple
  3702 | D:5      | Found Lifrut's Assorted Antiques.
  3818 | D:5      | Reached skill level 10 in Ranged Weapons
  3929 | D:5      | Found a sparkling altar of Nemelex Xobeh.
  4099 | D:5      | Noticed a water moccasin
  4109 | D:5      | HP: 7/34 [poisoned by a water moccasin]
  4112 | D:5      | Slain by a water moccasin

Vanquished Creatures
  2 scorpions
  A hound (D:5)
  An orc priest (D:4)
  An iguana (D:4)
  2 orc wizards (D:5)
  3 gnolls (D:2)
  An adder (D:2)
  2 worms (D:4)
  2 dart slugs
  6 orcs
  3 bats
  5 endoplasms
  3 giant cockroaches
  8 hobgoblins
  3 jackals (D:4)
  2 quokkas
  5 ball pythons
  5 frilled lizards
  5 goblins
  5 kobolds
  5 rats
70 creatures vanquished.

Vanquished Creatures (others)
  90 plants
90 creatures vanquished.

Grand Total: 160 creatures vanquished

Table legend:
 A = Non-vault XP
 B = Vault XP
 C = Vault XP percentage of total XP
 D = Non-vault monster count
 E = Vault monster count
 F = Vault count percentage of total count
                 A         B        C        D         E       F
            +---------+---------+-------+---------+---------+-------
      Total |     476 |      46 |   8.8 |      68 |       2 |   2.9
            +---------+---------+-------+---------+---------+-------
        D:1 |      35 |       0 |   0.0 |      23 |       0 |   0.0
        D:2 |      69 |       0 |   0.0 |      13 |       0 |   0.0
        D:3 |      95 |       0 |   0.0 |       9 |       0 |   0.0
        D:4 |      66 |      46 |  41.1 |      13 |       2 |  13.3
        D:5 |     211 |       0 |   0.0 |      10 |       0 |   0.0
            +---------+---------+-------+---------+---------+-------

Illustrated notes

Table legend:
 A = Kills in this place as a percentage of kills in entire the game.
 B = Kills by you in this place as a percentage of kills by you in the entire game.
 C = Kills by friends in this place as a percentage of kills by friends in the entire game.
 D = Other kills in this place as a percentage of other kills in the entire game.
 E = Experience gained in this place as a percentage of experience gained in the entire game.
 F = Experience gained in this place divided by the number of levels of this place that you have seen.
                   A       B       C       D       E      F
               +-------+-------+-------+-------+-------+----------------------
         Total | 100.0 | 100.0 |   N/A |   N/A | 100.0 |  74.6
       Dungeon | 100.0 | 100.0 |   N/A |   N/A | 100.0 |  87.0
               +-------+-------+-------+-------+-------+----------------------

Table legend: (Time is in decaauts)
 A = Elapsed time spent in this place.
 B = Non-inter-level travel time spent in this place.
 C = Inter-level travel time spent in this place.
 D = Time resting spent in this place.
 E = Time spent auto-exploring this place.
 F = Levels seen in this place.
 G = Mean time per level.
                   A        B        C        D        E       F      G
               +--------+--------+--------+--------+--------+-----+--------+
         Total |   4149 |   3805 |    344 |    167 |   3221 |   7 |  592.7 |
       Dungeon |   3879 |   3566 |    313 |    167 |   2996 |   6 |  646.5 |
        Temple |    269 |    238 |     31 |      0 |    225 |   1 |  269.0 |
               +--------+--------+--------+--------+--------+-----+--------+

Top non-repeatable levels by time:
     D:4: 1089 daAuts
     D:2: 926 daAuts
     D:1: 707 daAuts
     D:5: 576 daAuts
     D:3: 546 daAuts
  Temple: 269 daAuts
     D:6: 34 daAuts
